AoeStats
← hightower_208

Arena

508824910Analyzed
2v2 RM · 7d ago on Sep 24, 2026· 52m 53s· 4 players
Game mode
Random Map
Map size
Medium (4 player)
Population
200
Speed
Normal
Resources
Standard
Victory
Conquest
Starting age
Dark Age
Ending age
Imperial Age
RankedLock teamsTeams togetherTeam positionsShared explorationLock speedFull tech treeHidden civsTurbo modeCheats
Victory
Defeat
🇩🇪 Italians · Germany
1684
+10
🇩🇪 Danes · Germany
1661
+11
1663
-14
🇲🇽 Poles · Mexico
1426
-7
VENÓN | IMPERIO_AMAZONAS
10:51 Feudal Age
11:49 Double-Bit Axe
14:35 Castle Age
12:18 Horse Collar
15:43 Bow Saw
24:31 Wheelbarrow
24:26 Loom
25:54 Hand Cart
25:25 Town Watch
28:20 Imperial Age
25:51 Fletching
26:00 Gold Mining
26:01 Stone Mining
26:40 Bodkin Arrow
27:04 Padded Archer Armor
27:51 Ballistics
26:54 Crossbowman
27:40 Thumb Ring
27:50 Heavy Plow
27:42 Elite Skirmisher
30:04 Chemistry
29:25 Conscription
29:14 Bracer
29:31 Leather Archer Armor
29:44 Pirotechnia
31:41 Ring Archer Armor
35:41 Masonry
45:51 Architecture
[GDL] PaaEZ
8:55 Loom
11:24 Feudal Age
15:20 Castle Age
13:14 Horse Collar
13:24 Double-Bit Axe
14:50 Forging
14:47 Scale Barding Armor
17:10 Light Cavalry
18:29 Husbandry
19:26 Loom
22:05 Bloodlines
24:15 Wheelbarrow
23:56 Gold Mining
24:25 Heavy Plow
28:40 Imperial Age
27:45 Iron Casting
27:30 Chain Barding Armor
27:27 Bow Saw
28:20 Scale Mail Armor
29:09 Squires
28:58 Winged Hussar
31:05 Conscription
32:45 Blast Furnace
32:01 Chain Mail Armor
33:15 Crop Rotation
34:36 Cavalier
35:04 Elite Obuch
37:28 Plate Mail Armor
37:41 Szlachta Privileges
38:36 Coinage
40:39 Hand Cart
43:28 Fletching
48:34 Chemistry
49:25 Stone Mining
50:42 Lechitic Legacy
Mjoelnir
9:13 Feudal Age
12:42 Castle Age
11:12 Double-Bit Axe
12:30 Horse Collar
21:39 Bow Saw
21:19 Loom
22:12 Wheelbarrow
23:10 Stone Mining
24:14 Hand Cart
28:09 Imperial Age
25:51 Scale Mail Armor
26:18 Heavy Plow
26:43 Forging
27:24 Chain Mail Armor
28:41 Iron Casting
28:08 Squires
27:54 Arson
29:25 Plate Mail Armor
29:24 Elite Jomsviking
30:25 Conscription
32:49 Blast Furnace
31:32 Pikeman
33:28 Stone Shaft Mining
32:44 Gold Mining
36:58 Gold Shaft Mining
35:56 Hamask
38:09 Masonry
38:20 Ballistics
39:00 Chemistry
38:27 Halberdier
39:14 Town Watch
39:35 Fletching
42:05 Hoardings
41:54 Caravan
42:33 Northmen's Fury
43:16 Bodkin Arrow
43:27 Heavy Scorpion
44:24 Onager
46:14 Shipwright
46:20 Siege Engineers
46:48 Siege Onager
49:45 Coinage
52:08 Elite Varangian Guard
hightower_208
2:41 Loom
9:44 Feudal Age
13:14 Castle Age
11:11 Double-Bit Axe
12:00 Horse Collar
14:14 Bow Saw
19:40 Wheelbarrow
21:23 Hand Cart
22:04 Gold Mining
25:54 Imperial Age
23:53 Loom
25:26 Padded Archer Armor
27:41 Chemistry
26:55 Pirotechnia
27:06 Conscription
27:26 Leather Archer Armor
29:20 Two-Man Saw
31:15 Ring Archer Armor
34:23 Masonry
34:34 Ballistics
35:04 Silk Road
38:39 Caravan
43:11 Coinage
46:38 Banking
47:38 Scale Barding Armor
47:42 Cavalier
48:45 Chain Barding Armor
49:28 Bloodlines
50:35 Plate Barding Armor
50:11 Forging
50:12 Husbandry
50:33 Squires
52:59 Iron Casting
Connection lost

Rejoining the realm…

Still unreachable

The connection could not be restored.

Session expired

The server has moved on; the page needs a fresh start.